 Dungeon Crawl Stone Soup version 0.19.5 (webtiles) character file.

193 Haldmier the Conjurer (level 5, -1/40 HPs)
             Began as a Draconian Conjurer on May 4, 2017.
             Slain by a crimson imp
             ... wielding a +1 dagger of chaos
              (3 damage)
             ... on level 3 of the Dungeon.
             The game lasted 00:11:28 (2980 turns).

Haldmier the Conjurer (Draconian Conjurer)          Turns: 2980, Time: 00:11:29

Health: -1/40      AC:  6    Str: 12    XL:     5   Next: 43%
Magic:  4/8        EV: 11    Int: 17    God:
Gold:   240        SH:  0    Dex:  8    Spells: 3 memorised, 2 levels left

rFire  . . .     SeeInvis .     a - +4 hunting sling (freeze)
rCold  . . .     Gourm    +     (armour unavailable)
rNeg   . . .     Faith    .     (no shield)
rPois  .         Spirit   .     (helmet restricted)
rElec  .         Reflect  .     (no cloak)
rCorr  .         Harm     .     (no gloves)
MR     .....                    d - +0 pair of boots
Stlth  +.........               D - amulet of the gourmand
                                y - +2 ring of strength
                                v - -3 ring of dexterity (curse)

@: very slightly contaminated, heavily drained, invisible
A: unfitting armour, cold-blooded, AC +5
a: no special abilities


You were on level 3 of the Dungeon.
You were completely stuffed.

You visited 1 branch of the dungeon, and saw 4 of its levels.

You collected 240 gold pieces.

Inventory:

Hand Weapons
 a - a +4 hunting sling of freezing (weapon)
 b - a +0 long sword
 e - a +0 dagger
 L - a +0 rapier
Missiles
 j - 16 sling bullets (quivered)
 k - 71 stones
Armour
 d - a +0 pair of boots (worn)
Magical Staves
 I - an uncursed staff of power
Jewellery
 v - a cursed -3 ring of dexterity (left hand)
 y - a +2 ring of strength (right hand)
 D - an amulet of the gourmand (around neck)
 G - an uncursed ring of flight {unknown}
Wands
 E - a wand of flame (37/48)
Scrolls
 c - 2 scrolls of teleportation {unknown}
 g - 5 scrolls of identify {unknown}
 i - a scroll of immolation {unknown}
 l - 3 scrolls of enchant weapon {unknown}
 m - 4 scrolls of fear {unknown}
 n - 4 scrolls of remove curse {unknown}
 p - a scroll of blinking {unknown}
 s - a scroll of amnesia {unknown}
 t - a scroll of recharging {unknown}
 x - a scroll of random uselessness {unknown}
 B - 2 scrolls of noise {unknown}
 C - 2 scrolls of enchant armour {unknown}
Potions
 o - a potion of lignification {unknown}
 q - 2 potions of cancellation {unknown}
 r - a potion of heal wounds {unknown}
 w - a potion of brilliance {unknown}
 H - a potion of berserk rage {unknown}
 J - a potion of haste {unknown}
 K - 2 potions of curing {unknown}
Books
 f - a book of Conjurations

   Spells                             Type                      Level
   a - Magic Dart                     Conjuration                  1
   b - Searing Ray                    Conjuration                  2
   c - Dazzling Spray                 Conjuration/Hexes            3
   d - Fulminant Prism                Conjuration/Hexes            4
   e - Iskenderun's Mystic Blast      Conjuration                  4
   f - Iskenderun's Battlesphere      Conjuration/Charms           5
Comestibles
 h - 2 royal jellies
 u - 5 bread rations
 z - 4 fruits
 A - a slice of pizza
 F - 2 beef jerkies
 M - 2 chunks of flesh


   Skills:
 + Level 1.0(0.0) Fighting
 + Level 2.0(0.5) Dodging
 - Level 1.7(0.2) Stealth
 + Level 2.3(0.7) Spellcasting
 * Level 6.2(4.5) Conjurations
 + Level 0.5(0.0) Hexes


You had 2 spell levels left.
You knew the following spells:

 Your Spells              Type           Power        Failure   Level  Hunger
a - Magic Dart            Conj           ###.         3%          1    ##.....
b - Searing Ray           Conj           ###...       6%          2    ###....
c - Dazzling Spray        Conj/Hex       #.....       30%         3    ####...


Dungeon Overview and Level Annotations

Branches:
Dungeon (4/15)
 Temple: D:4-7

Altars:
Elyvilon
Xom

Annotations:
D:4 Dowan, Duvessa


Innate Abilities, Weirdness & Mutations

Your plain brown scales are hard. (AC +5)
You cannot fit into any form of body armour.
You are cold-blooded and may be slowed by cold attacks.


Message History

The sling bullet closely misses the crimson imp.
The crimson imp hits you but does no damage.
You fade into invisibility!
You are very lightly contaminated with residual magic.
Firing (i - inventory. (,) - cycle):
j - 18 sling bullets (quivered)
Press: ? - help, Shift-Dir - straight line, f/p - crimson imp
Aim: a crimson imp, wielding a dagger of chaos You shoot a sling bullet.
The sling bullet misses the crimson imp.
The crimson imp barely misses you.
Firing (i - inventory. (,) - cycle):
j - 17 sling bullets (quivered)
Press: ? - help, Shift-Dir - straight line, f/p - crimson imp
Aim: a crimson imp, wielding a dagger of chaos You shoot a sling bullet.
The sling bullet barely misses the crimson imp.
The crimson imp hits you but does no damage.
You are electrocuted!
* * * LOW HITPOINT WARNING * * *
The crimson imp hits you with a dagger of chaos.
You die...

#.# ##.#.##.# #.####
#.#######.#.##.# #....#
#..............##########.#
##.....>...........<.####.#
#..#.###...#.##..........#
#..#.# #.).#.##..........#
###..#.#
#...#.##..........#
.....#.#
#...#.##..).......#
####.#.#
#......@..........# ##
#.#.####[[#.5#.........##
.###.#.........(#.......).#
.....).......(.##.........#
###########.#####.........#
#.....>.....#####
#############


You could see a crimson imp.

Vanquished Creatures
  A crimson imp (D:3)
  3 orc wizards (D:4)
  An adder (D:2)
  An ooze (D:2)
  A dart slug (D:1)
  A leopard gecko (D:1)
  5 orcs
  2 giant cockroaches
  5 goblins
  7 hobgoblins
  3 jackals (D:2)
  3 quokkas
  9 bats
  2 frilled lizards
  8 kobolds
  6 rats
58 creatures vanquished.

Vanquished Creatures (others)
  A quokka (D:4)
1 creature vanquished.

Grand Total: 59 creatures vanquished

Notes
Turn   | Place    | Note
-------+----------+-------------------------------------------
     0 | D:1      | Haldmier the Draconian Conjurer began the quest for the Orb.
     0 | D:1      | Reached XP level 1. HP: 14/14 MP: 3/3
   568 | D:1      | Reached XP level 2. HP: 20/20 MP: 0/5
   625 | D:1      | Learned a level 2 spell: Searing Ray
  1284 | D:2      | Reached skill level 5 in Conjurations
  1284 | D:2      | Reached XP level 3. HP: 24/26 MP: 3/6
  1445 | D:2      | Learned a level 3 spell: Dazzling Spray
  2431 | D:3      | Reached XP level 4. HP: 33/33 MP: 7/7
  2578 | D:3      | Found a shimmering altar of Xom.
  2604 | D:3      | Reached skill level 6 in Conjurations
  2660 | D:4      | Reached XP level 5. HP: 20/39 MP: 4/8
  2859 | D:4      | Found a white marble altar of Elyvilon.
  2870 | D:4      | Reached skill level 1 in Fighting
  2934 | D:4      | Noticed Dowan
  2939 | D:4      | Noticed Duvessa
  2980 | D:3      | HP: 2/40 [crimson imp/dagger of chaos (14)]
  2980 | D:3      | Slain by a crimson imp

Skill      XL: |  1  2  3  4  5 |
---------------+----------------+-----
Conjurations   | 5 6 |  6.2
Dodging        | 2 |  2.0
Fighting       | 1 |  1.0
Stealth        | |  1.7
Spellcasting   | |  2.3
Hexes          | |  0.5

Action                   |  1- 3 |  4- 6 || total
-------------------------+-------+-------++-------
Melee: Dagger            |     4 |       ||     4
       Long sword        |       |     3 ||     3
 Fire: Hunting sling     |    30 |    39 ||    69
 Cast: Magic Dart        |    74 |       ||    74
       Dazzling Spray    |       |     3 ||     3
       Searing Ray       |       |     1 ||     1
  Eat: Chunk             |    12 |     7 ||    19
Armor: Skin              |     4 |     9 ||    13
Dodge: Dodged            |    18 |    11 ||    29
